 Dungeon Crawl Stone Soup version 0.30.1-9-gdf580d7c3d (webtiles) character file.

Game seed: 1043784500005457345

13553 coolio the Destroyer (level 11, -16/68 HPs)
             Began as a Demonspawn Conjurer on Oct 24, 2023.
             Was an Elder of Vehumet.
             Demolished by an orc warrior
             ... wielding a +0 dire flail
              (23 damage)
             ... on level 11 of the Dungeon on Oct 25, 2023.
             The game lasted 00:23:50 (14479 turns).

coolio the Destroyer (Demonspawn Conjurer)         Turns: 14479, Time: 00:23:51

Health: -16/68     AC:  8    Str: 11    XL:     11   Next: 77%
Magic:  6/22       EV: 13    Int: 23    God:    Vehumet [****..]
Gold:   334        SH:  0    Dex: 11    Spells: 14/25 levels left

rFire   + . .        K - +9 staff of Olgreb {rPois∞}
rCold   + . .        (no shield)
rNeg    . . .        a - +0 steam dragon scales
rPois   ∞            D - +1 helmet
rElec   .            C - +0 cloak
rCorr   .            p - +0 pair of gloves
SInv    .            (no boots)
Will    +....        (no amulet)
Stlth   ++           G - ring of willpower
HPRegen 0.31/turn    L - ring "Bazur" {+Blink rF+ rC+ Str+2}
MPRegen 0.18/turn

%: no passive effects
@: corroded
A: molten scales 2, demonic guardian 1, ignite blood 1, demonic touch 1
a: Renounce Religion, Evoke Blink, Evoke the Staff of Olgreb


You were on level 11 of the Dungeon.
You worshipped Vehumet.
Vehumet was greatly pleased with you.
You visited 2 branches of the dungeon, and saw 12 of its levels.

You collected 586 gold pieces.
You spent 252 gold pieces at shops.

Inventory:

Hand Weapons
 g - a +0 short sword
 K - the +9 staff of Olgreb (weapon) {rPois∞}
   (You found it on level 6 of the Dungeon)

   It enhances your poison magic.
   It grants immunity to poison.
   It can be activated via the 'a'bility menu to radiate toxic energy, with
   effectiveness depending on Evocations skill.
Missiles
 c - 5 silver javelins
 E - 2 throwing nets
 H - 8 curare-tipped darts
Armour
 a - +0 steam dragon scales (worn)
 p - a +0 pair of gloves (worn)
 y - a +0 kite shield
 C - a +0 cloak (worn)
 D - a +1 helmet (worn)
Magical Staves
 l - a staff of air
Jewellery
 t - a ring of flight
 F - a ring of fire
 G - a ring of willpower (left hand)
 I - a ring of poison resistance
 L - the ring "Bazur" (right hand) {+Blink rF+ rC+ Str+2}
   (You acquired it on level 11 of the Dungeon)

   [ring of protection from fire]

   Str:       It affects your strength (+2).
   rF:        It protects you from fire.
   rC:        It protects you from cold.
   +Blink:    It lets you blink.
Wands
 q - a wand of charming (22)
 u - a wand of polymorph (7)
 J - a wand of flame (23)
 N - a wand of acid (6)
Scrolls
 f - a scroll of blinking
 h - 5 scrolls of teleportation
 k - a scroll of poison
 v - 2 scrolls of amnesia
 w - a scroll of fog
 x - a scroll of fear
 M - a scroll of enchant weapon
Potions
 b - 2 potions of magic
 d - 5 potions of curing
 e - 3 potions of flight
 i - 2 potions of berserk rage
 j - 2 potions of brilliance
 m - 3 potions of resistance
 n - 3 potions of mutation {unknown}
 o - 3 potions of attraction
 r - 2 potions of lignification {unknown}
 s - 2 potions of ambrosia
 z - 8 potions of heal wounds
 A - 2 potions of invisibility {unknown}
 B - 2 potions of haste
Miscellaneous
 O - a phial of floods


   Skills:
 - Level 5.7 Dodging
 - Level 1.7 Stealth
 + Level 5.0 Shields
 + Level 7.8 Spellcasting
 * Level 12.4 Conjurations
 * Level 8.1 Translocations
 * Level 3.9 Evocations


You had 14 spell levels left.
You knew the following spells:

 Your Spells              Type           Power      Damage    Failure   Level
a - Magic Dart            Conj           100%       1d8       1%          1
b - Searing Ray           Conj           100%       2d8       1%          2
c - Iskenderun's Mystic   Conj/Tloc      54%        2d12      1%          4
d - Flame Wave            Conj/Fire      37%        2d10      1%          4

Your spell library contained the following spells:

 Spells                   Type           Power      Damage    Failure   Level
 Airstrike                Air            4%         2d(1-17)  17%         4
 Freeze                   Ice            32%        1d5       1%          1
 Dazzling Flash           Conj/Hex       74%        N/A       1%          3
 Hailstorm                Conj/Ice       37%        3d9       1%          3
 Fulminant Prism          Conj/Hex       18%        3d11      1%          4
 Frozen Ramparts          Ice            16%        1d3       6%          3
 Ozocubu's Armour         Ice            8%         N/A       22%         3
 Agony                    Necr           8%         N/A       89%         5
 Metabolic Englaciation   Hex/Ice        4%         N/A       89%         5
 Silence                  Hex/Air        4%         N/A       89%         5
 Simulacrum               Ice/Necr       4%         N/A       100%        6


Dungeon Overview and Level Annotations

Branches:
Dungeon (11/15)            Temple (1/1) D:5            Lair (0/5) D:8
    Orc (0/2) D:11

Altars:
Ashenzari
Cheibriados
Dithmenos
Fedhas
Gozag
Hepliaklqana
Kikubaaqudgha
Makhleb
Nemelex Xobeh
Okawaru
Qazlal
Ru
Sif Muna
Trog
Uskayaw
Vehumet
Wu Jian
Xom
Yredelemnul

Shops:
D:8 !

Portals:
Trove: D:11 (give +4 shadow dragon scales)

Annotations:
D:6 1 runed translucent door


Innate Abilities, Weirdness & Mutations

You are mostly covered in molten scales. (AC +3)
A weak demonic guardian rushes to your aid.
Your demonic aura sometimes causes spilled blood to erupt in flames.
Your touch may inflict minor irresistible damage on your foes.


Message History

The orc wizard flickers and vanishes!
Deactivating autopickup; reactivate with Ctrl-A.
Okay, then.
Casting: Searing Ray (safe; 1% risk of failure)
Confirm with . or Enter, or press ? or * to list all spells.
Okay, then.
Casting: Searing Ray (safe; 1% risk of failure)
Confirm with . or Enter, or press ? or * to list all spells.
You erupt in a blast of force!
The mystic blast hits the orc knight!
The orc knight is almost dead.
The orc knight is knocked back by the mystic blast.
The mystic blast hits the orc warrior but does no damage.
The orc warrior is almost dead.
The orc warrior hits you with a +0 dire flail!!
* * * LOW HITPOINT WARNING * * *
Unknown command.
Casting: Iskenderun's Mystic Blast (safe; 1% risk of failure)
Confirm with . or Enter, or press ? or * to list all spells.
You erupt in a blast of force!
The mystic blast hits the orc knight!
You kill the orc knight!
Vehumet accepts your kill.
You feel your power returning.
The mystic blast hits the orc warrior but does no damage.
The orc warrior is almost dead.
Vehumet accepts your kill.
You feel your power returning.
Reactivating autopickup.
You feel a bit more experienced. The orc warrior misses you.
Your Shields skill increases to level 5!
Unknown command.
Unknown command.
Casting: Iskenderun's Mystic Blast (safe; 1% risk of failure)
Confirm with . or Enter, or press ? or * to list all spells.
Aiming: Searing Ray (safe; 1% risk of failure)
Press: ? - help, Shift-Dir - straight line, f - orc warrior
Aim: an orc warrior, wielding a +0 dire flail and wearing a +0 plate armour (almost dead, strong, 83% to hit)
The searing ray misses the orc warrior. (Press . to maintain the ray.)
The orc warrior hits you with a +0 dire flail!!
You die...

######...........# #........
##...+...........########........
'..###...........'.......<.......
#### #...........########..(.....
# ######'###### ########. # #.#
#. #.# ## ####+####### #.
#.....○..@.# #. # #.......o..# #.
# ###........).# ##
######.'.|........#
##.....#..).).....#
'..#####..........#
..................#
...###...##.......# .#.# #.#.#
#..###


You could see an orc warrior (strong).

Vanquished Creatures
  3 two-headed ogres (D:10)
  An orc knight (D:11)
  Pikel (D:6)
  An unseen horror (D:11)
  A komodo dragon (D:11)
  2 kobold demonologists (D:10)
  A troll (D:9)
  2 hornets
  2 wraiths
  10 yaks
  4 wyverns
  5 redbacks (D:6)
  A steam dragon (D:8)
  A vampire mosquito (D:10)
  Menkaure (D:5)
  Edmund (D:6)
  2 acid dragons
  9 water moccasins
  A sky beast (D:7)
  A black bear (D:6)
  An ogre (D:5)
  7 orc warriors
  A boggart (D:6)
  3 centaurs
  3 lemures (D:6)
  2 kobold brigands (D:10)
  A phantom (D:5)
  Blork the orc (D:5)
  A bullfrog (D:6)
  4 gnoll sergeants
  6 scorpions
  9 wights
  11 killer bees
  A howler monkey (D:8)
  2 hounds
  6 orc priests
  2 gnoll boudas
  3 jellies
  4 sleepcaps
  3 iguanas
  13 orc wizards
  A mummy (D:8)
  29 gnolls
  6 adders
  A white imp (D:7)
  An ufetubus (D:4)
  2 worms (D:3)
  3 dart slugs
  38 orcs
  5 ball pythons
  2 bat skeletons (D:5)
  2 bat zombies (D:5)
  3 endoplasms
  2 giant cockroaches
  A goblin (D:1)
  9 hobgoblins
  2 jackals (D:2)
  6 kobolds
  3 quokkas
  5 bats
  3 frilled lizards
  3 orc zombies (D:8)
  4 rats
265 creatures vanquished.

Vanquished Creatures (collateral kills)
  A vampire mosquito (D:10)
  A centaur (D:8)
  A kobold (D:10)
  An orc zombie (D:8)
4 creatures vanquished.

Grand Total: 269 creatures vanquished

Notes
Turn   | Place    | Note
-------+----------+-------------------------------------------
     0 | D:1      | coolio the Demonspawn Conjurer began the quest for the Orb.
     0 | D:1      | Reached XP level 1. HP: 13/13 MP: 3/3
   425 | D:1      | Gained mutation: Your demonic aura sometimes causes spilled
                  | blood to erupt in flames. [demonic ancestry]
   425 | D:1      | Reached XP level 2. HP: 19/19 MP: 3/5
  1407 | D:2      | Reached XP level 3. HP: 24/24 MP: 2/6
  2025 | D:2      | HP: 1/24 [worm (4)]
  2446 | D:2      | Learned a level 2 spell: Searing Ray
  2553 | D:3      | Gained mutation: You are partially covered in molten
                  | scales. (AC +2) [demonic ancestry]
  2553 | D:3      | Reached XP level 4. HP: 30/30 MP: 3/7
  2634 | D:3      | Found a basalt altar of Yredelemnul.
  2864 | D:3      | Found a bloodstained altar of Trog.
  3228 | D:3      | Reached skill level 5 in Conjurations
  3682 | D:4      | Reached XP level 5. HP: 17/35 MP: 0/9
  4488 | D:4      | Found Ytauch's Jewellery Boutique.
  4774 | D:5      | Entered Level 5 of the Dungeon
  4814 | D:5      | Reached XP level 6. HP: 26/41 MP: 6/11
  4819 | D:5      | Reached skill level 6 in Conjurations
  5139 | D:5      | Noticed Blork the orc
  5149 | D:5      | Killed Blork the orc
  5150 | D:5      | Gained mutation: You are mostly covered in molten scales.
                  | (AC +3) [demonic ancestry]
  5150 | D:5      | Reached XP level 7. HP: 37/46 MP: 1/12
  5492 | D:5      | Found a sacrificial altar of Ru.
  5509 | D:5      | Reached skill level 7 in Conjurations
  5869 | D:5      | Gained mutation: A weak demonic guardian rushes to your
                  | aid. [demonic ancestry]
  5869 | D:5      | Reached XP level 8. HP: 52/52 MP: 4/14
  5937 | D:5      | Found a staircase to the Ecumenical Temple.
  5937 | D:5      | Noticed Menkaure
  5944 | D:5      | Killed Menkaure
  6013 | Temple   | Entered the Ecumenical Temple
  6194 | D:5      | Found an ancient bone altar of Kikubaaqudgha.
  6514 | D:6      | Reached skill level 8 in Conjurations
  6595 | D:6      | Reached skill level 5 in Spellcasting
  6717 | D:6      | Found a radiant altar of Vehumet.
  6800 | D:6      | Became a worshipper of Vehumet
  6861 | D:6      | Reached skill level 5 in Dodging
  6881 | D:6      | Learned a level 4 spell: Iskenderun's Mystic Blast
  6929 | D:6      | Reached skill level 1 in Translocations
  7095 | D:6      | Reached skill level 9 in Conjurations
  7223 | D:6      | Found the +9 staff of Olgreb {rPois∞}
  7225 | D:6      | Noticed Pikel
  7226 | D:6      | Found a runed translucent door.
  7234 | D:6      | Found a runed translucent gate.
  7234 | D:6      | Found a runed translucent gate.
  7235 | D:6      | Found a runed translucent door.
  7289 | D:6      | Noticed Edmund
  7295 | D:6      | Killed Edmund
  7296 | D:6      | Gained mutation: Your touch may inflict minor irresistible
                  | damage on your foes. [demonic ancestry]
  7296 | D:6      | Reached XP level 9. HP: 41/57 MP: 9/17
  7405 | D:6      | Found a runed translucent gate.
  8647 | D:7      | Found a burning altar of Makhleb.
  8872 | D:8      | Reached skill level 1 in Shields
  8877 | D:8      | Reached * piety under Vehumet
  8877 | D:8      | Offered knowledge of Sandblast by Vehumet.
  8880 | D:8      | Reached skill level 10 in Conjurations
  9039 | D:8      | Reached XP level 10. HP: 38/63 MP: 3/19
  9201 | D:8      | Reached skill level 5 in Translocations
  9377 | D:8      | Found Liasuss's Distillery.
  9385 | D:8      | Bought a potion of degeneration for 12 gold pieces
  9385 | D:8      | Bought 2 potions of heal wounds for 120 gold pieces
  9385 | D:8      | Bought a potion of haste for 120 gold pieces
  9979 | D:8      | Found a staircase to the Lair.
 10043 | D:8      | Paralysed by a hornet for 3 turns
 10269 | D:8      | Found an ornate altar of the Wu Jian Council.
 10556 | D:9      | Reached ** piety under Vehumet
 10556 | D:9      | Offered knowledge of Scorch by Vehumet.
 11195 | D:9      | Reached skill level 11 in Conjurations
 11413 | D:9      | Found a hazy altar of Hepliaklqana.
 11417 | D:9      | Found a shadowy altar of Dithmenos.
 11849 | D:6      | Offered knowledge of Static Discharge by Vehumet.
 12001 | D:6      | Reached XP level 11. HP: 56/68 MP: 18/21
 12002 | D:6      | Reached *** piety under Vehumet
 12130 | D:6      | Killed Pikel
 12315 | D:10     | Entered Level 10 of the Dungeon
 12315 | D:10     | Noticed a two-headed ogre
 12386 | D:10     | Noticed a two-headed ogre
 12395 | D:10     | Killed a two-headed ogre
 12396 | D:10     | Reached skill level 1 in Evocations
 12545 | D:10     | Killed a two-headed ogre
 12783 | D:10     | Found a sparkling altar of Nemelex Xobeh.
 12937 | D:10     | Found an opulent altar of Gozag.
 12979 | D:10     | Noticed a soul eater
 12989 | D:10     | Noticed a soul eater
 12991 | D:10     | Reached skill level 12 in Conjurations
 13027 | D:10     | Offered knowledge of Flame Wave by Vehumet.
 13033 | D:10     | Learned a level 4 spell: Flame Wave
 13146 | D:10     | Noticed a two-headed ogre
 13152 | D:10     | Killed a two-headed ogre
 13457 | D:10     | Found a hide-covered altar of Uskayaw.
 13894 | D:11     | Identified the +3 scale mail of Asceticism {rC- Regen+
                  | Int+7}
 13933 | D:11     | Found a portal to a secret trove of treasure.
 14106 | D:11     | Identified a scroll of acquirement
 14106 | D:11     | Acquired the ring "Bazur" {+Blink rF+ rC+ Str+2}
 14212 | D:11     | Found a staircase to the Orcish Mines.
 14290 | D:11     | Reached **** piety under Vehumet
 14462 | D:11     | Noticed an orc knight
 14464 | D:11     | Offered knowledge of Airstrike by Vehumet.
 14478 | D:11     | Killed an orc knight
 14479 | D:11     | Reached skill level 5 in Shields
 14479 | D:11     | Demolished by an orc warrior

Illustrated notes

Levels and vault maps discovered:
D:1:      evilmike_arrival_crescent, layout_basic
D:2:      layout_basic
D:3:      layout_loops_ring, trog_book, yredelemnul_altar_generic,
          kennysheep_generic_room_9
D:4:      layout_gridville, serial_shops, nicolae_shop_gaudy_bauble,
          serial_glass, glass_columns_b, glass_columns_a, glass_columns_b,
          glass_columns_a, glass_columns_c, glass_columns_c,
          hangedman_decor_slide_cut
D:5:      layout_basic, lemuel_crystal_altar, kennysheep_vampire_church,
          minmay_temple_entry_drinking_statues, uniq_blork_the_orc,
          uniq_menkaure
D:6:      layout_cave_pools, nicolae_tso_carved_into_rock,
          nicolae_overflow_crystal_walls, minmay_guarded_unrand_staff_of_olgreb,
          uniq_pikel, uniq_edmund
D:7:      layout_basic, general_overflow_altar
D:8:      layout_basic, lemuel_coloured_pillars_altar,
          nicolae_wu_jian_immortal_techniques, minmay_lair_entry_grove,
          serial_shops, nicolae_shop_tiny_waterfront,
          hangedman_abyss_or_decor_clamps, minmay_mini_ossuary
D:9:      layout_loops_ring, riverfiend_overflow_shadow_ancestor
D:10:     layout_basic, marbit_many_paths, nicolae_overflow_hidden_temple,
          nicolae_gozag_cash_rules_everything_around_me, grunt_ministairs_1
D:11:     layout_roguey, david_orc_4, enter_trove_3, serial_shops, shop,
          minmay_starry_boxes
Temple:   nicolae_temple_superstar

Skill      XL: |  1  2  3  4  5  6  7  8  9 10 11 |
---------------+----------------------------------+-----
Dodging        | 2 3 4 5 |  5.7
Conjurations   | 5 6 7 9 10 11 12 | 12.4
Spellcasting   | 3 4 5 6 7 |  7.8
Translocations | 2 4 6 8 |  8.1
Shields        | 2 4 5 |  5.0
Evocations     | 3 |  3.9
Stealth        | |  1.7

Action                     |  1- 3 |  4- 6 |  7- 9 | 10-12 || total
---------------------------+-------+-------+-------+-------++-------
  Melee: Unarmed           |     4 |       |       |       ||     4
         Short sword       |    33 |    41 |    14 |       ||    88
         Punch             |     2 |       |       |       ||     2
         Staff             |       |       |       |     6 ||     6
  Throw: Dart              |       |       |       |     2 ||     2
   Cast: Magic Dart        |    97 |    57 |    38 |    53 ||   245
         Searing Ray       |     1 |    15 |    57 |    96 ||   169
         Iskenderun's Myst |       |       |       |     2 ||     2
Ability: Evoke the Staff o |       |       |       |    17 ||    17
  Evoke: Wand              |       |       |     2 |       ||     2
    Use: Potion            |       |       |     2 |     2 ||     4
         Scroll            |       |       |     8 |     9 ||    17
 Armour: Robe              |     5 |    15 |    19 |     6 ||    45
         Steam dragon scal |       |       |       |    86 ||    86
  Dodge: Dodged            |    19 |    26 |    56 |   154 ||   255
